 Dungeon Crawl Stone Soup version 0.23-a0-808-gd21de94 (webtiles) character file.

67 varaam the Ruffian (level 3, 0/36 HPs)
             Began as a Troll Fighter on Jan 20, 2019.
             Killed by nerve-wracking pain
             ... invoked by an orc priest
              (2 damage)
             ... on level 3 of the Dungeon.
             The game lasted 00:04:40 (1389 turns).

varaam the Ruffian (Troll Fighter)                  Turns: 1389, Time: 00:04:41

Health: 0/36       AC:  7    Str: 29    XL:     3   Next: 98%
Magic:  2/2        EV:  8    Int:  5    God:
Gold:   147        SH:  9    Dex:  9    Spells: 2/2 levels left

rFire    . . .     SeeInvis .     - Unarmed
rCold    . . .     Gourm    +   b - +0 shield
rNeg     . . .     Faith    .   a - +0 robe
rPois    .         Spirit   .   (helmet restricted)
rElec    .         Reflect  .   o - +0 cloak
rCorr    .         Harm     .   (gloves unavailable)
MR       .....                  (boots unavailable)
Stlth    +.........             (no amulet)
HPRegen  0.52/turn              (no ring)
MPRegen  0.08/turn              (no ring)

@: mighty
A: large, unfitting armour, claws 3, fast metabolism 3, gourmand, regeneration
1, shaggy fur 1, tough skin 3
a: no special abilities


You were on level 3 of the Dungeon.
You were completely stuffed.

You visited 1 branch of the dungeon, and saw 3 of its levels.

You collected 147 gold pieces.

Inventory:

Missiles
 j - 10 poisoned needles
 l - 6 javelins (quivered)
 u - 6 large rocks {!d}
 Q - 105 stones
Armour
 a - a +0 robe (worn)
 b - a +0 shield (worn)
 o - a +0 cloak (worn)
Scrolls
 e - 4 scrolls of remove curse {unknown}
 f - a scroll of amnesia {unknown}
 g - a scroll of magic mapping {unknown}
 h - a scroll of noise {unknown}
 i - a scroll of enchant armour {unknown}
 n - 2 scrolls of identify {unknown}
 r - 3 scrolls of teleportation {unknown}
 v - a scroll of blinking {unknown}
 y - a scroll of enchant weapon {unknown}
Potions
 c - 3 potions of might
 k - a potion of berserk rage {unknown}
 m - a potion of brilliance {unknown}
 p - a potion of cancellation {unknown}
 q - 3 potions of curing {unknown}
 t - 3 potions of agility {unknown}
 w - a potion of lignification {unknown}
 x - a potion of ambrosia {unknown}
 z - 2 potions of flight {unknown}
Comestibles
 d - 5 rations
 s - 3 chunks of flesh


   Skills:
 - Level 2.4 Fighting
 - Level 2.4 Dodging
 - Level 2.4 Shields
 + Level 4.3 Unarmed Combat


You had 2 spell levels left.
You didn't know any spells.
Your spell library was empty.

Dungeon Overview and Level Annotations

Branches:
Dungeon (3/15)

Altars:


Innate Abilities, Weirdness & Mutations

You are too large for most types of armour.
You have claws for hands.
Your metabolism is lightning-fast.
You like to eat raw meat.
Your natural rate of healing is unusually fast.
You are covered in fur. (AC +1)
You have extremely tough skin. (AC +3)


Message History

The orc wizard casts a spell at you.
The magic dart hits something.
You scratch the orc priest but do no damage.
An orc comes into view. It is wielding a +0 short sword.
The orc priest hits you but does no damage.
You barely miss the orc priest.
The orc priest calls down the wrath of Beogh upon you.
Beogh smites you!
* * * LOW HITPOINT WARNING * * *
You take 16 damage, and have 3/36 hp.
MASSIVE DAMAGE!!
You claw the orc priest! The orc priest barely misses you.
You're too confused to move!
The orc priest hits you.
* * * LOW HITPOINT WARNING * * *
You take 3 damage, and have 1/36 hp.
You feel very mighty all of a sudden.
You feel less confused.
The orc priest mumbles some strange prayers to Beogh against you.
Pain shoots through your body!
You die...

#.# #.# .# # #.#
#.# .# #.# #.# .#
#.# #.# ##.# #.#
#.####..##.#
#)####..........#
#.##........#####
#.........+...#
####.......##@#
#.......##o#
+.........o{#
##.........o...#
#.........o...#
###+#..###....#
..... .....# ##.
#....# . #....#


You could see an orc priest, an orc wizard and 2 orcs.

Vault maps used:
D:1:      psy_arrival_dodecagon, st_stairs_6, kennysheep_another_room,
          minmay_pentomino_v4
D:2:      chequers_ecumenical_altar_simple_redux, serial_park_tiny_pond,
          dk_noncrumbling_3
D:3:      yredelemnul_altar_generic, first_ration, serial_curves,
          eino_curves_01, eino_curves_04

Notes
Turn   | Place    | Note
-------+----------+-------------------------------------------
     0 | D:1      | varaam the Troll Fighter began the quest for the Orb.
     0 | D:1      | Reached XP level 1. HP: 22/22 MP: 0/0
   109 | D:1      | Reached XP level 2. HP: 29/29 MP: 1/1
   127 | D:1      | Reached skill level 3 in Unarmed Combat
   225 | D:1      | Identified a +0 dagger
   298 | D:1      | Identified a cursed +0 club
   382 | D:1      | Identified a +0 dagger
   384 | D:1      | Identified a +0 club
   406 | D:1      | Identified a +0 cloak (You found it on level 1 of the
                  | Dungeon)
   460 | D:1      | Identified a +0 dagger
   468 | D:1      | Reached XP level 3. HP: 34/36 MP: 2/2
   490 | D:2      | Identified a +0 club
   591 | D:2      | Identified a +0 club
   641 | D:2      | Identified a +0 club
   699 | D:2      | Identified a +0 club
   918 | D:2      | Identified a +0 dagger
   918 | D:2      | Identified a +0 hunting sling
   926 | D:2      | Reached skill level 4 in Unarmed Combat
   943 | D:2      | Found a faded altar of an unknown god.
  1181 | D:3      | Identified a cursed -2 dagger
  1198 | D:3      | Identified a +0 whip
  1204 | D:3      | Identified a +0 dagger
  1204 | D:3      | Identified a +0 hunting sling
  1375 | D:3      | Identified a +0 dagger
  1375 | D:3      | Identified a +0 robe
  1376 | D:3      | Identified a +0 hand axe
  1376 | D:3      | Identified a +0 dagger
  1376 | D:3      | Identified a cursed +0 robe
  1385 | D:3      | Identified a +0 short sword
  1386 | D:3      | HP: 3/36 [orc priest/divine providence (16)]
  1388 | D:3      | HP: 1/36 [orc priest (3)]
  1389 | D:3      | Killed from afar by an orc priest

Table legend:
 A = Turns spent in this place as a percentage of turns spent in the entire game.
 B = Non-inter-level travel turns spent in this place as a percentage of non-inter-level travel turns spent in the entire game.
 C = Inter-level travel turns spent in this place as a percentage of turns spent in this place.
 D = Turns resting spent in this place as a percentage of non-inter-level travel turns spent in this place.
 E = Turns spent auto-exploring this place as a percentage of non-inter-level travel turns spent in this place.
 F = Non-inter-level travel turns spent in this place divided by the number of levels of this place that you've seen.
                   A       B       C       D       E      F
               +-------+-------+-------+-------+-------+----------------------
         Total | 100.0 | 100.0 |   5.6 |   0.0 |  76.4 | 437.0
       Dungeon | 100.0 | 100.0 |   5.6 |   0.0 |  76.4 | 437.0
               +-------+-------+-------+-------+-------+----------------------

Table legend:
 A = Kills in this place as a percentage of kills in entire the game.
 B = Kills by you in this place as a percentage of kills by you in the entire game.
 C = Kills by friends in this place as a percentage of kills by friends in the entire game.
 D = Other kills in this place as a percentage of other kills in the entire game.
 E = Experience gained in this place as a percentage of experience gained in the entire game.
 F = Experience gained in this place divided by the number of levels of this place that you have seen.
                   A       B       C       D       E      F
               +-------+-------+-------+-------+-------+----------------------
         Total | 100.0 | 100.0 |   N/A |   N/A | 100.0 |  32.0
       Dungeon | 100.0 | 100.0 |   N/A |   N/A | 100.0 |  32.0
               +-------+-------+-------+-------+-------+----------------------

Skill      XL: |  1  2  3 |
---------------+----------+-----
Unarmed Combat | 3 4 |  4.3
Fighting       | |  2.4
Dodging        | |  2.4
Shields        | |  2.4

Action                   || total
-------------------------++-------
Melee: Unarmed           ||   117
  Use: Potion            ||     1
  Eat: Chunk             ||    18
Armor: Robe              ||    39
Dodge: Dodged            ||    26
Block: Shield            ||    45

Vanquished Creatures
  An adder (D:3)
  An ooze (D:1)
  2 worms (D:2)
  A dart slug (D:1)
  2 leopard geckos (D:1)
  A ball python (D:3)
  4 giant cockroaches
  7 goblins
  5 hobgoblins
  5 bats
  5 frilled lizards
  5 kobolds
  6 rats
45 creatures vanquished.
